Map: Emerald City LE

Players

OpuS - Winner!

  • Race: Protoss Protoss
  • League: Platinum
  • Spawn Location: 5:00

Sketchaphone - Winner!

  • Race: Zerg Zerg
  • League: Platinum
  • Spawn Location: 5:00

StormSnarlX

  • Race: Zerg Zerg
  • League: Diamond
  • Spawn Location: 11:00

luckytiger

  • Race: Terran Terran
  • League: Platinum
  • Spawn Location: 11:00

VOD

Have the link to the VOD?

Description

Time

  • Played on: Feb. 14, 2019, 9:27 p.m.
  • Length: 15:32
Show
View Real Time Build Order
Export as new Build Order

OpuS Protoss - Winner!

Build Orders: 1 Gate Expand 

Get SALT Encoding   

  12  0:01  Probe  
  13  0:13  Probe  
  14  0:25  Probe  
  14  0:27  Pylon  
  15  0:44  Probe  
  16  0:50  Gateway  
  16  0:53  Probe  
  17  0:57  Assimilator  
  17  1:01  Probe  
  18  1:11  Probe  
  19  1:20  Probe  
  20  1:28  Probe  
  21  1:36  Nexus  
  21  1:45  Cybernetics Core  
  21  1:49  Probe  
  22  1:57  Assimilator  
  22  2:01  Probe  
  23  2:14  Pylon  
  23  2:26  Warp Gate  
  23  2:27  Probe  
  23  2:31  Pylon  
  23  2:33  Stalker  
  25  2:39  Probe  
  26  2:45  Gateway  
  26  2:51  Gateway  
  26  2:54  Probe  
  26  2:56  Probe  
  28  3:04  Sentry  
  30  3:21  Robotics Facility  
  30  3:22  Stalker, Pylon, Probe x2  
  34  3:36  Probe x2  
  36  3:43  Stalker  
  38  4:00  Probe x2  
  40  4:17  Stalker  
  40  4:20  Stalker  
  40  4:24  Probe x2  
  46  4:28  Immortal  
  46  4:29  Pylon  
  46  4:32  Twilight Council  
  46  4:36  Probe x2  
  50  4:45  Probe  
  50  4:48  Stalker, Probe  
  54  4:53  Probe  
  54  4:56  Stalker  
  54  4:57  Stalker  
  59  5:00  Probe  
  59  5:02  Probe  
  59  5:03  Assimilator  
  61  5:07  Assimilator  
  61  5:12  Probe  
  62  5:14  Probe  
  62  5:17  Immortal  
  67  5:24  Blink  
  67  5:29  Gateway  
  67  5:33  Pylon  
  67  5:36  Gateway  
  67  5:39  Gateway  
  67  5:42  Pylon  
  67  5:44  Probe  
  68  5:52  Zealot x2  
  68  5:54  Zealot  
  74  6:11  Immortal  
  78  6:15  Robotics Facility  
  78  6:16  Pylon  
  78  6:19  Zealot x2  
  82  6:36  Stalker x4  
  90  6:42  Shield Battery  
  90  6:55  Stalker x2  
  94  7:02  Pylon  
  94  7:04  Pylon  
  94  7:14  Shield Battery  
  94  7:23  Forge  
  94  7:25  Forge  
  94  7:28  Forge  
  94  7:47  Protoss Ground Weapons Level 1, Protoss Ground Armor Level 1  
  94  7:48  Protoss Shields Level 1  
  78  8:03  Nexus, Stalker  
  78  8:04  Stalker x4  
  82  8:06  Stalker  
  76  8:21  Templar Archives  
  72  8:39  Stalker x4  
  72  8:40  Stalker x2  
  76  8:47  Photon Cannon  
  76  8:51  Photon Cannon  
  69  8:57  Gateway  
  69  8:58  Gateway  
  69  9:02  Stalker x3  
  63  9:19  Stalker x3  
  67  9:27  Protoss Ground Weapons Level 2, Protoss Ground Armor Level 2  
  67  9:31  Stalker x2  
  69  9:33  Stalker  
  73  9:51  Stalker  
  73  9:52  Stalker  
  77  10:02  Stalker x2  
  81  10:18  Stargate  
  81  10:21  Stargate  
  79  10:32  Stalker x4  
  79  10:39  Stalker  
  77  10:56  Stalker x4  
  81  11:06  Phoenix  
  81  11:08  Phoenix  
  85  11:33  Phoenix  
  85  11:34  Phoenix  
  89  11:58  Phoenix  
  89  11:59  Phoenix  
  89  12:14  Stalker  
  89  12:15  Stalker x6  
  91  12:17  Stalker  
  97  12:41  Phoenix x2  
  101  13:09  Phoenix x2  
  105  13:16  Nexus  
  105  13:32  Pylon  
  105  13:34  Phoenix  
  105  13:35  Pylon  
  105  13:37  Pylon  
  69  14:19  Stalker x6  
  69  14:20  Stalker  
  83  14:34  Probe x3  
  76  15:22  Stalker x5  
  76  15:23  Stalker  
Show
View Real Time Build Order
Export as new Build Order

Sketchaphone Zerg - Winner!

Build Orders: Hatch First 

Get SALT Encoding   

  12  0:01  Drone  
  13  0:14  Overlord  
  13  0:22  Drone  
  14  0:34  Drone x2  
  16  0:36  Drone  
  17  1:03  Hatchery  
  16  1:07  Drone, Extractor  
  16  1:10  Drone  
  17  1:26  Spawning Pool  
  17  1:27  Drone  
  17  1:30  Drone  
  18  1:41  Drone  
  18  1:45  Drone  
  20  1:54  Overlord  
  20  2:06  Overlord  
  20  2:13  Metabolic Boost  
  20  2:15  Queen  
  22  2:16  Zergling x2  
  23  2:31  Drone  
  24  2:41  Zergling x2  
  24  2:49  Drone x5  
  29  2:56  Baneling Nest  
  29  2:57  Queen  
  31  2:58  Drone  
  31  3:04  Drone  
  32  3:28  Overlord  
  32  3:29  Drone  
  32  3:35  Spine Crawler x2  
  32  3:37  Overlord, Drone  
  32  3:38  Drone x4  
  32  3:40  Drone  
  36  3:50  Overlord  
  36  3:53  Drone  
  36  3:54  Drone  
  38  4:02  Evolution Chamber, Drone x3  
  40  4:17  Hatchery  
  40  4:21  Overlord  
  40  4:23  Pneumatized Carapace, Drone  
  40  4:24  Drone x2  
  42  4:31  Zerg Ground Armor Level 1  
  42  4:39  Drone x3  
  42  4:40  Drone  
  42  4:42  Drone  
  47  4:52  Overlord  
  47  4:54  Drone  
  47  4:59  Zergling x6, Extractor  
  51  5:00  Zergling x4  
  51  5:04  Zergling x2  
  53  5:11  Overlord  
  53  5:13  Zergling x6  
  56  5:22  Overlord  
  56  5:29  Overlord  
  56  5:35  Lair, Hatchery  
  55  5:37  Evolution Chamber  
  55  5:38  Drone  
  55  5:39  Queen  
  57  5:44  Spore Crawler, Drone  
  57  5:47  Drone x2  
  57  5:49  Spore Crawler  
  58  5:51  Zergling x8  
  58  5:52  Zergling x2  
  58  5:56  Overlord  
  62  6:10  Drone x8  
  70  6:14  Overlord  
  70  6:16  Zerg Melee Weapons Level 1  
  65  6:18  Drone  
  65  6:19  Drone x2  
  65  6:37  Spore Crawler  
  65  6:38  Spore Crawler  
  63  6:41  Spore Crawler  
  63  6:43  Spore Crawler  
  61  6:47  Queen, Spore Crawler x2  
  61  6:50  Spore Crawler  
  61  6:51  Spore Crawler  
  61  6:53  Zergling x2  
  61  6:54  Zergling x22  
  61  6:58  Overlord  
  71  7:05  Centrifical Hooks  
  71  7:08  Zergling x4  
  71  7:09  Hydralisk Den, Zergling x2  
  73  7:16  Queen  
  73  7:19  Zergling x4  
  73  7:20  Zergling x4  
  79  7:25  Extractor  
  79  7:27  Extractor  
  77  7:35  Drone x2  
  79  7:37  Overlord  
  79  7:39  Burrow  
  79  7:45  Evolution Chamber, Lurker Den  
  65  8:07  Zerg Ground Armor Level 2  
  65  8:14  Drone x2  
  67  8:23  Extractor  
  67  8:24  Extractor  
  67  8:26  Baneling x7  
  65  8:30  Drone x8  
  65  8:31  Drone x9  
  82  8:36  Drone  
  83  8:43  Overlord  
  83  8:48  Infestation Pit, Zerg Missile Weapons Level 1, Hydralisk  
  83  8:54  Drone x2  
  86  9:02  Spore Crawler  
  84  9:03  Spore Crawler  
  84  9:05  Spore Crawler  
  84  9:06  Zergling x6  
  84  9:07  Zergling x2, Spore Crawler  
  84  9:08  Zergling x2  
  86  9:10  Zergling x2  
  81  9:18  Zergling x10  
  81  9:24  Hydralisk x2  
  81  9:29  Overlord  
  85  9:33  Overlord x2  
  85  9:46  Grooved Spines  
  83  9:58  Spore Crawler  
  83  9:59  Drone  
  83  10:01  Hydralisk x7  
  83  10:06  Baneling x2  
  97  10:10  Overseer  
  97  10:28  Hydralisk x7  
  100  10:35  Pathogen Glands  
  100  10:36  Hydralisk  
  100  10:37  Hive  
  100  10:38  Hydralisk  
  100  10:40  Drone  
  105  10:46  Hydralisk  
  105  10:47  Hydralisk  
  105  10:48  Overlord  
  107  10:57  Drone  
  106  11:02  Zerg Missile Weapons Level 2  
  106  11:05  Muscular Augments  
  106  11:08  Lurker x2  
  107  11:23  Zergling x32  
  107  11:24  Zergling x6  
  126  11:26  Drone  
  126  11:54  Baneling x2  
  126  11:55  Baneling x34  
  126  11:56  Baneling  
  81  12:33  Zergling x40  
  98  12:38  Hydralisk  
  93  12:44  Zergling x6  
  96  13:04  Baneling  
  96  13:05  Baneling x10  
  96  13:06  Zergling x14  
  96  13:07  Zergling x2  
  96  13:10  Adrenal Glands  
  96  13:11  Zerg Melee Weapons Level 2  
  104  13:19  Zergling x2  
  108  13:20  Zergling x10  
  108  13:23  Drone x7  
  112  13:35  Zergling x14  
  110  13:52  Hydralisk x9  
  125  14:00  Lurker  
  125  14:02  Baneling x12  
  123  14:25  Zergling x10  
  123  14:28  Drone x3, Extractor  
  123  14:29  Extractor  
  127  14:38  Hatchery  
  117  14:47  Baneling x9  
  117  14:48  Baneling x6  
  114  15:04  Zergling x30  
  118  15:20  Drone x4  
Show
View Real Time Build Order
Export as new Build Order

StormSnarlX Zerg 

Build Orders: Hatch First 

Get SALT Encoding   

  12  0:00  Drone  
  13  0:08  Drone  
  14  0:21  Overlord  
  14  0:40  Drone x3  
  17  0:53  Drone  
  18  0:58  Hatchery  
  17  1:12  Spawning Pool  
  17  1:14  Extractor  
  17  1:15  Drone  
  16  1:20  Drone  
  16  1:24  Drone  
  18  1:58  Queen  
  18  1:59  Zergling x2  
  21  2:01  Drone  
  21  2:03  Overlord  
  22  2:12  Queen  
  22  2:14  Drone x2  
  26  2:17  Metabolic Boost  
  26  2:26  Drone x2  
  28  2:47  Overlord  
  28  2:48  Drone x3  
  31  3:03  Drone x2  
  33  3:09  Extractor  
  32  3:16  Drone x2  
  32  3:17  Drone x4  
  32  3:19  Lair  
  38  3:21  Drone x3  
  41  3:36  Drone x3  
  41  3:37  Extractor  
  41  3:39  Extractor  
  42  3:44  Zergling x2  
  44  3:48  Zergling x2  
  44  3:52  Spine Crawler  
  43  3:59  Drone  
  44  4:05  Overlord x3  
  43  4:11  Zergling x2  
  43  4:13  Overlord x2  
  44  4:31  Drone x2  
  44  4:32  Drone x3  
  49  4:38  Drone x2  
  49  4:39  Spire, Drone  
  49  4:42  Drone  
  49  4:43  Drone  
  53  4:58  Drone x2  
  55  5:01  Drone  
  55  5:07  Overlord x2  
  56  5:08  Queen  
  58  5:15  Drone x5  
  58  5:18  Overlord  
  58  5:19  Hatchery  
  62  5:33  Zergling x2  
  62  5:34  Zergling x8  
  67  5:51  Mutalisk x5  
  67  5:54  Mutalisk  
  79  6:05  Zergling x2  
  80  6:15  Mutalisk x4  
  80  6:16  Zergling x4  
  85  6:27  Mutalisk x2  
  89  6:38  Mutalisk  
  89  6:39  Mutalisk x2  
  93  6:41  Overlord, Drone x3, Extractor  
  93  6:42  Drone x2, Extractor  
  98  6:50  Mutalisk  
  100  7:10  Mutalisk x2  
  100  7:11  Zergling x2  
  100  7:12  Zergling x12  
  111  7:18  Mutalisk  
  113  7:27  Zergling x2  
  114  7:31  Overlord  
  114  7:32  Overlord x3  
  103  7:53  Mutalisk x4  
  103  7:55  Zergling x8  
  105  7:59  Zergling x2  
  105  8:00  Zergling x2  
  105  8:03  Mutalisk  
  106  8:08  Drone  
  106  8:09  Drone x5  
  106  8:11  Zergling x2  
  113  8:18  Drone x2  
  111  8:32  Zergling x4  
  111  8:34  Mutalisk x3  
  109  8:40  Pneumatized Carapace  
  115  8:45  Spine Crawler  
  115  8:47  Spine Crawler  
  113  8:49  Mutalisk  
  113  8:50  Spine Crawler  
  114  8:58  Mutalisk  
  116  9:06  Mutalisk  
  115  9:20  Mutalisk  
  116  9:29  Mutalisk  
  116  9:30  Overlord x2  
  116  9:31  Drone x4  
  120  9:36  Extractor  
  121  9:41  Mutalisk x2  
  121  9:43  Drone x5  
  130  9:46  Spine Crawler  
  130  9:47  Spine Crawler  
  130  9:48  Spore Crawler  
  130  9:49  Drone x2  
  127  9:55  Zerg Flyer Weapons Level 1  
  127  9:58  Infestation Pit  
  120  10:08  Zergling x8  
  120  10:09  Zergling x4  
  124  10:26  Zergling x10  
  124  10:27  Zergling x2  
  123  10:35  Mutalisk x5  
  133  10:51  Mutalisk x2  
  133  10:52  Zergling x2, Hatchery  
  125  11:19  Mutalisk x4  
  125  11:20  Zergling x8  
  125  11:21  Zergling x12  
  143  11:31  Overlord  
  143  11:32  Overlord x4  
  143  11:33  Drone x2  
  139  12:02  Mutalisk x3  
  139  12:03  Mutalisk x3  
  139  12:06  Zergling x2  
  139  12:07  Zergling x12  
  139  12:08  Zergling x4  
  146  12:33  Mutalisk x2  
  146  12:35  Mutalisk x2  
  140  12:49  Drone  
  140  12:51  Drone x7  
  144  12:52  Drone x5  
  144  12:55  Extractor x2  
  151  13:04  Mutalisk x4  
  151  13:05  Mutalisk  
  161  13:21  Zergling x2  
  161  13:22  Zergling x20  
  161  13:23  Zergling x2  
  144  13:50  Zergling x22  
  144  13:55  Mutalisk x2  
  131  14:03  Mutalisk x3  
  131  14:04  Mutalisk x2  
  131  14:05  Mutalisk  
  103  14:28  Drone x2  
  73  15:26  Hatchery  
Show
View Real Time Build Order
Export as new Build Order

luckytiger Terran 

Build Orders:  

Get SALT Encoding   

  12  0:01  SCV  
  13  0:13  SCV  
  14  0:20  Supply Depot  
  14  0:28  SCV  
  14  0:30  Supply Depot  
  15  0:46  Refinery  
  15  0:52  SCV  
  16  1:04  SCV  
  17  1:16  Barracks, SCV  
  18  1:28  SCV  
  18  1:29  Barracks  
  19  1:53  SCV  
  19  1:54  Supply Depot  
  19  2:05  SCV  
  20  2:10  Reaper  
  21  2:19  Refinery  
  21  2:28  SCV  
  22  2:42  Reaper, SCV  
  23  2:51  Reaper, Command Center  
  24  3:01  SCV  
  24  3:05  Supply Depot  
  25  3:14  Reaper  
  25  3:15  SCV  
  25  3:17  Factory  
  27  3:23  Reaper  
  28  3:28  SCV  
  29  3:53  SCV  
  30  4:12  Barracks Tech Lab  
  28  4:22  SCV  
  28  4:23  Orbital Command  
  29  4:26  Refinery  
  29  4:27  Factory Tech Lab  
  29  4:34  SCV  
  30  4:47  SCV  
  30  4:51  Supply Depot  
  30  4:52  Siege Tank  
  34  4:53  Barracks  
  34  4:58  Marauder  
  34  4:59  Stimpack, SCV  
  37  5:05  SCV  
  38  5:07  Barracks Reactor  
  39  5:15  Orbital Command  
  39  5:21  Refinery  
  38  5:22  SCV  
  38  5:26  Marauder  
  41  5:32  Siege Tank  
  41  5:34  SCV  
  45  5:46  SCV  
  45  5:47  Barracks, Barracks Reactor  
  46  5:51  SCV  
  47  5:58  SCV, Command Center  
  47  6:00  Marauder, Marine  
  48  6:18  SCV  
  46  6:24  Siege Tank  
  46  6:25  Marine x2  
  51  6:33  Marine  
  51  6:37  SCV x2  
  54  6:42  Barracks Tech Lab  
  54  6:43  Barracks, Marine  
  55  6:48  Starport  
  55  6:49  SCV  
  53  6:58  Marine x2  
  53  7:00  Marine  
  56  7:06  Combat Shield  
  56  7:07  Marauder, Marine x2  
  60  7:16  Marine x2  
  60  7:18  Marine  
  63  7:34  Marauder, Marine x3  
  63  7:35  Marine  
  69  7:56  Marine x4  
  69  7:57  Marine x2  
  73  8:10  Marine  
  74  8:13  Concussive Shells  
  74  8:14  Marine x3  
  77  8:25  Engineering Bay x2  
  77  8:26  Armory  
  77  8:27  Barracks Reactor  
  77  8:33  Supply Depot  
  77  8:35  Supply Depot  
  77  8:36  Supply Depot  
  77  8:37  Supply Depot  
  77  8:52  SCV  
  77  8:54  Marine, SCV  
  77  8:55  Marauder  
  79  9:06  SCV  
  58  9:18  Marine x2  
  58  9:19  Marine x4  
  58  9:20  Marauder x2  
  66  9:31  Planetary Fortress  
  66  9:36  Marine x3  
  66  9:37  Marine x3  
  72  9:39  Terran Infantry Weapons Level 1, Terran Infantry Armor Level 1  
  72  9:41  Marauder x2  
  72  9:42  Starport Reactor  
  72  9:44  Starport  
  76  9:47  Supply Depot  
  76  9:54  Marine x3  
  76  9:55  Marine x2  
  76  9:59  Supply Depot  
  81  10:01  Supply Depot  
  81  10:02  Marauder, Refinery x2  
  81  10:03  Marauder  
  85  10:21  Marine x2  
  85  10:22  Siege Tank  
  85  10:24  Marauder x2  
  84  10:38  Marine x3  
  87  10:45  Marauder x2  
  87  10:46  Marine x2  
  93  10:54  Siege Tank  
  93  11:02  Factory  
  93  11:03  SCV x2  
  95  11:06  Marauder  
  95  11:07  Marauder  
  99  11:17  SCV x3  
  102  11:26  Siege Tank  
  102  11:28  Marauder  
  107  11:41  Marauder, Marine x3  
  107  11:42  Marine x3  
  115  11:49  Marauder  
  117  11:59  Marine, Siege Tank  
  111  12:03  Marauder  
  109  12:11  Marauder  
  77  12:31  Widow Mine  
  77  12:39  Supply Depot x2  
  77  12:40  Supply Depot  
  68  12:45  SCV  
  68  12:46  SCV x2  
  71  12:58  SCV x3  
  68  13:19  Marauder, Marine x3  
  72  13:20  Marauder, Marine x2  
  75  14:01  SCV  
  75  14:02  SCV  
  66  14:07  Marauder x2, Marine x5  
  66  14:08  Marine  
  76  14:14  SCV  
  77  14:21  Siege Tank  
  78  14:24  Marine x2  
  78  14:25  Medivac x3, Marine x2  
  78  14:28  Marauder  
  78  14:29  Marauder  
  92  14:33  Orbital Command, Marine  
  92  14:34  Factory Tech Lab, Command Center  
  93  14:40  Marine  
  93  14:42  Marine x2  
  96  14:50  Marauder x2, Marine  
  101  14:53  Siege Tank  
  101  14:55  Medivac x2  
  100  15:08  Marine x4  
  100  15:11  Marauder  
  100  15:13  Marine  
  100  15:14  Marine  
Tags
 
Add a new tag
Caveats
  • Supply blocks, unpowered buildings, or Contaminate may cause inaccurate times.
  • Supply counts are checked every 10 seconds.